[Event "***Titled Tuesday 3|2 Blitz"]
[Site "Chess.com"]
[Date "2017.02.07"]
[Round "3"]
[White "dretch"]
[Black "avto24"]
[Result "1-0"]
[WhiteElo "2546"]
[BlackElo "2377"]
[TimeControl "180+2"]
[EndTime "13:42:23 PST"]
[Termination "dretch won by resignation"]

1. d4 d5 2. c4 c6 3. Nc3 e6 4. e3 Nf6 5. Bd3 Nbd7 6. e4 dxc4 7.
Bxc4 b5 8. Bb3 b4 9. e5 bxc3 10. exf6 cxb2 11. fxg7 bxc1=Q 12. gxf8=Q+ Nxf8 13. Rxc1 Qg5 14. Nf3 Qxg2 15. Rg1 Qh3 16. Rg3 Qf5 17. Ne5 Ng6 18.
Bc2 Qf4 19. Bxg6 hxg6 20. h3 O-O 21. Rg4 Qf5 22. Rc3 Rd8 23. Rf3 Qh5 24. Nxf7 Rd5 25. Ne5 Rxe5+ 26. dxe5 Qxe5+ 27. Re3 Qf6 28. Qb1 Kf7 29.
Reg3 e5 30. Rxg6 Qh8 31. Rf3+ Ke7 32. Qb4+ Ke8 33. Qd6 Bd7 34. Rgf6 1-0

[Event "***Titled Tuesday 3|2 Blitz"]
[Site "Chess.com"]
[Date "2017.02.07"]
[Round "3"]
[White "Rickstereo"]
[Black "WanderingPuppet"]
[Result "0-1"]
[WhiteElo "2207"]
[BlackElo "2324"]
[TimeControl "180+2"]
[EndTime "13:42:23 PST"]
[Termination "WanderingPuppet won by resignation"]

1. d4 Nf6 2. Nf3 g6 3. c4 Bg7 4. Nc3 O-O 5. e4 c5 6. Be2 cxd4 7. Nxd4 Nc6 8. Be3 d6 9. O-O Re8 10. Rc1 Nd7 11. Nd5 a6 12. Qd2 e6 13. Nxc6 bxc6 14. Nc3 Nc5 15. Rfd1 Bxc3 16. Qxc3 Nxe4 17. Qd4 d5 18. cxd5 cxd5 19. f3 Nd6 20. Bf4 Nf5 21. Qe5 Bd7 22. g4 f6 23. Qc7 Ng7 24. Qc3 e5 25.
Bh6 d4 26. Qb3+ Be6 27. Qa3 Qb6 28. Bd3 Bd5 29. Bc4 Bxc4 30. Rxc4 Ne6 31. Rdc1 d3+ 32.
Kg2 Rad8 33. Rc6 Qd4 34. R1c4 Qd5 35. Kg3 d2 36. Bxd2 Qxd2 37. Qb3 Kh8 38. Rc2 Qf4+ 39. Kf2 Nd4 0-1

[Event "***Titled Tuesday 3|2 Blitz"]
[Site "Chess.com"]
[Date "2017.02.07"]
[Round "3"]
[White "1stSecond"]
[Black "wonderfultime"]
[Result "1-0"]
[WhiteElo "2589"]
[BlackElo "2637"]
[TimeControl "180+2"]
[EndTime "13:42:24 PST"]
[Termination "1stSecond won on time"]

1. c4 c6 2. e3 d5 3. Nc3 Nf6 4. Nf3 a6 5. d4 b5 6. b3 Bf5 7. Bd3 Bg6 8. Ne5 e6 9. O-O Be7 10. a4 b4 11. Ne2 O-O 12. Ng3 Nfd7 13. Nxg6 hxg6 14. e4 dxc4 15. Bxc4 a5 16. f4 Nb6 17. Be2 c5 18. Be3 cxd4 19. Qxd4 Qxd4 20. Bxd4 N8d7 21. Rac1 Rfc8 22. f5 gxf5 23. exf5 Bc5 24.
Bxc5 Nxc5 25. fxe6 Nxe6 26. Nf5 Rxc1 27. Rxc1 Rd8 28.
h4 Nd5 29. Bf3 Nc3 30. Re1 Kf8 31. h5 Nc5 32. Re7 Nxb3 33. Rb7 Nc5 34. Rb5 Nxb5 35.
axb5 b3 36. h6 g6 37. h7 gxf5 38. h8=Q+ Ke7 39. Qe5+ Ne6 40. b6 1-0

[Event "***Titled Tuesday 3|2 Blitz"]
[Site "Chess.com"]
[Date "2017.02.07"]
[Round "3"]
[White "underdogchss"]
[Black "pastouche06"]
[Result "1/2-1/2"]
[WhiteElo "2435"]
[BlackElo "2331"]
[TimeControl "180+2"]
[EndTime "13:42:25 PST"]
[Termination "Game drawn by agreement"]

1. d4 Nf6 2. Nf3 d5 3. c4 e6 4. Nc3 dxc4 5. e3 a6 6. a4 c5 7. Bxc4 Nc6 8. O-O Be7 9. dxc5 Bxc5 10.
Qxd8+ Kxd8 11. Ng5 Ke7 12. Nge4 Bb4 13. Nxf6 gxf6 14.
Bd2 Rd8 15. Rfd1 b6 16. Be2 Bb7 17. Bf3 Rac8 18. Bxc6 Bxc6 19. Nd5+ Bxd5 20. Bxb4+ Ke8 21.
Rac1 f5 22. f3 Rc4 23. Rxc4 Bxc4 24. Rc1 Bb3 25. a5 bxa5 26. Bxa5 Rd1+ 27. Rxd1 Bxd1 28. Bc3 Ba4 29. Kf2 Bb5 30. Bf6 Kf8 31. Kg3 Kg8 32.
Kf4 Bc4 33. h4 a5 34. Bc3 a4 35. Bf6 Bb3 36. g4 fxg4 37. fxg4 h5 38. gxh5 e5+ 39. Bxe5 Kh7 40. Kg5 Bc4 41. Bf6 Bb3 42. h6 Bc4 43. Bg7 Bb3 44. Kf6 Bc4 45. e4 Bb3 46. h5 Bc4 47. Ke5 Be2 48. Kf5 Bc4 49. e5 Be6+ 50. Kf6 Bb3 51. Ke7 Be6 52. Kd6 Bb3 53. Kc5 Bc2 54.
Kb4 Bb3 1/2-1/2

[Event "***Titled Tuesday 3|2 Blitz"]
[Site "Chess.com"]
[Date "2017.02.07"]
[Round "3"]
[White "destroyer305"]
[Black "Vrolijk"]
[Result "1-0"]
[WhiteElo "2321"]
[BlackElo "2294"]
[TimeControl "180+2"]
[EndTime "13:42:27 PST"]
[Termination "destroyer305 won by checkmate"]

1. e4 c6 2. d4 d5 3. exd5 cxd5 4. Bd3 Nc6 5. c3 g6 6. Bf4 Bg7 7. Nd2 Nh6 8. h3 f6 9. Ngf3 Nf7 10.
Bg3 O-O 11. O-O e5 12. dxe5 fxe5 13. Bb5 Bd7 14. Nb3 a6 15. Be2 Be6 16. Nc5 Bc8 17. Qb3 b6 18. Qa4 Qd6 19. Nb3 Bd7 20. Qa3 Qxa3 21. bxa3 Be6 22. Rfd1 Rfc8 23. Rac1 Bf8 24. c4 dxc4 25. Bxc4 Bxc4 26. Rxc4 Bxa3 27. Re4 Re8 28. Rd7 Rad8 29. Rc7 Rd1+ 30. Kh2 Nd6 31. Ra4 e4 32. Ng5 e3 33. fxe3 Nf5 34. Rxc6 Nxg3 35. Kxg3 Bd6+ 36. Kf2 Rd5 37. Nf3 a5 38. Rd4 Rxd4 39. Nbxd4 Bc5 40. a4 Kf7 41. Rc7+ Kf6 42. g4 h6 43. h4 h5 44. g5# 1-0

[Event "***Titled Tuesday 3|2 Blitz"]
[Site "Chess.com"]
[Date "2017.02.07"]
[Round "3"]
[White "Angry_Serb"]
[Black "mrkvoz"]
[Result "0-1"]
[WhiteElo "2411"]
[BlackElo "2626"]
[TimeControl "180+2"]
[EndTime "13:42:29 PST"]
[Termination "mrkvoz won by checkmate"]

1. d4 d6 2. e4 Nf6 3. Nc3 e5 4. Nf3 Nbd7 5. Be2 c6 6. Rg1 g6 7.
g4 Bg7 8. g5 Nh5 9. Be3 O-O 10.
dxe5 dxe5 11. Nd2 Nf4 12. Nc4 b5 13. Nd6 Qe7 14. Bg4 Rd8 15. Nxc8 Raxc8 16. Qf3 Qxg5 17. O-O-O Qe7 18. Ne2 Nxe2+ 19. Qxe2 Ra8 20. h4 Nf6 21. Bf3 a5 22. Bg5 a4 23. h5 a3 24. b3 Qc5 25.
Rd3 Rxd3 26. Qxd3 Qxf2 27. Rf1 Qg3 28. Bd2 Nxh5 29. Qd7 Nf4 30. Qxc6 Rd8 31. Qb6 Rc8 32. Qxb5 Qh3 33. Kb1 h5 34. Bc1 Qh2 35. Bd1 h4 36. Qd7 Ra8 37. Qb7 Rf8 38. Bxa3 Qg2 39. Re1 Re8 40. Qc6 Rd8 41. Bb4 h3 42. Qc7 Rd4 43.
Qc8+ Kh7 44. Bc3 h2 45. Bxd4 exd4 46. Qg4 h1=Q 47. Rxh1+ Qxh1 48. a4 d3 49. cxd3 Qe1 50. Qxf4 Qxd1+ 51. Ka2 Qa1# 0-1

[Event "***Titled Tuesday 3|2 Blitz"]
[Site "Chess.com"]
[Date "2017.02.07"]
[Round "3"]
[White "SwiftyMcBishop"]
[Black "oggy1984"]
[Result "0-1"]
[WhiteElo "2184"]
[BlackElo "2314"]
[TimeControl "180+2"]
[EndTime "13:42:35 PST"]
[Termination "oggy1984 won by resignation"]

1. e4 c5 2. Nf3 d6 3. c3 Nf6 4. h3 g6 5. Bd3 Bg7 6. Bc2 O-O 7. O-O e5 8. d4 Nc6 9. Be3 b6 10. Nbd2 Qc7 11. Rc1 a5 12. a3 Nh5 13.
Nc4 Ba6 14. Bb3 Nf4 15. Bxf4 exf4 16. Re1 Rad8 17. d5 Nb8 18. Qd2 b5 19. Nxd6 Qxd6 20. e5 Qb6 21. Qxf4 b4 22. axb4 axb4 23. c4 Nd7 24. Qg3 Rfe8 25. Re2 Qb8 26. Rce1 Nb6 27. Re4 Bxc4 28. Bxc4 Nxc4 29. Rxc4 Rxd5 30. Rce4 Re6 31. Qf4 h6 32. Qe3 b3 33. Qe2 Qb7 34. Rd1 Rxd1+ 35. Qxd1 Qxe4 36. Qxb3 Bxe5 37. Nd2 Qe1+ 38. Nf1 Bd4 39.
Qf3 Re2 40. Qa8+ Kg7 0-1

[Event "***Titled Tuesday 3|2 Blitz"]
[Site "Chess.com"]
[Date "2017.02.07"]
[Round "3"]
[White "daro94"]
[Black "AkshatChandra"]
[Result "0-1"]
[WhiteElo "2650"]
[BlackElo "2647"]
[TimeControl "180+2"]
[EndTime "13:42:36 PST"]
[Termination "AkshatChandra won by resignation"]

1. d4 Nf6 2. c4 e6 3. Nf3 b6 4. e3 Bb7 5. Bd3 d5 6. b3 Bb4+ 7. Bd2 Bd6 8. Nc3 a6 9. Qc2 Nbd7 10. O-O O-O 11. e4 dxc4 12. bxc4 e5 13. d5 Nc5 14. Na4 Nxa4 15. Qxa4 Nd7 16. Be3 Qe7 17. Qc2 Bc5 18. Bg5 f6 19. Bd2 Rfe8 20. Kh1 Nf8 21. Nh4 Bc8 22.
Nf5 Bxf5 23. exf5 e4 24. Be2 Qe5 25. Bg4 Bxf2 26. Bc3 Bd4 27. Bxd4 Qxd4 28. Rad1 Qe5 29. c5 Rad8 30. d6 cxd6 31. cxb6 d5 32. Be2 d4 33. Bxa6 Kh8 34. a4 d3 35. Qb3 Nd7 36.
Bb5 Nc5 37. Qc4 Re7 38. a5 e3 39. Rfe1 e2 40. Rd2 Qe3 41. Qc1 Ne4 42. Rxd3 Nf2+ 43. Kg1 Nh3+ 44. Kh1 Qg1+ 0-1

[Event "***Titled Tuesday 3|2 Blitz"]
[Site "Chess.com"]
[Date "2017.02.07"]
[Round "3"]
[White "3f32"]
[Black "PaulfromSPb"]
[Result "0-1"]
[WhiteElo "2350"]
[BlackElo "2466"]
[TimeControl "180+2"]
[EndTime "13:42:40 PST"]
[Termination "PaulfromSPb won by resignation"]

1. d4 Nf6 2. c4 e6 3. Nc3 b6 4. e4 d6 5. Bd3 Bb7 6. Nge2 g6 7. O-O Nbd7 8. h3 Bg7 9. a3 O-O 10.
Bg5 h6 11. Be3 a6 12. Rc1 c5 13. f4 cxd4 14. Nxd4 Nc5 15. Bb1 Nfxe4 16. Nxe4 Nxe4 17. Qe2 Qd7 18. b4 Ng3 19. Qf2 Nxf1 20. Rxf1 f5 21. Re1 Rac8 22. c5 dxc5 23. bxc5 bxc5 24. Nb3 c4 25.
Nc5 Qc6 26. Ba2 Qd5 27. Rc1 Kh7 28. Bxc4 Qc6 29. Bxe6 Rc7 30. Ba2 Qf6 31. Rb1 Bc8 32.
Kh2 Re8 33. Rb8 Qc3 34. Rb3 Qf6 35. Rb8 Qe7 36. Rb3 a5 37. a4 Rc6 38. Rd3 Rd6 39.
Rxd6 Qxd6 40. Bf7 Re7 41. Bc4 g5 42. g3 gxf4 43. gxf4 Bb7 44. Bd3 Be4 45. Nxe4 Qxd3 0-1

[Event "***Titled Tuesday 3|2 Blitz"]
[Site "Chess.com"]
[Date "2017.02.07"]
[Round "3"]
[White "Rikikits"]
[Black "ftorodent"]
[Result "1-0"]
[WhiteElo "2626"]
[BlackElo "2497"]
[TimeControl "180+2"]
[EndTime "13:42:40 PST"]
[Termination "Rikikits won by resignation"]

1. e4 e6 2. d4 d5 3. Nc3 Nf6 4.
e5 Nfd7 5. f4 c5 6. Nf3 Be7 7.
Be3 O-O 8. Qd2 Nc6 9. Nd1 cxd4 10. Nxd4 Nc5 11. Nf2 Nxd4 12. Bxd4 b6 13. g3 f5 14. exf6 Bxf6 15. Bg2 Ba6 16. O-O-O Rc8 17. Kb1 Nd7 18. Rhe1 Re8 19. Ng4 Bb7 20. Nxf6+ Nxf6 21. Bxf6 gxf6 22.
f5 e5 23. Bxd5+ Bxd5 24. Qxd5+ Qxd5 25. Rxd5 Re7 26. c3 Rc4 27. Kc2 Rg4 28. Kd3 h5 29. Ke3 h4 30. Kf3 Reg7 31. Rg1 R4g5 32. g4 Rxf5+ 33.
gxf5 Rxg1 34. Rd8+ Kg7 35. Rd7+ Kh6 36. Rxa7 Rf1+ 37.
Kg2 Rxf5 38. Rb7 Kg5 39. Rxb6 e4 40. Re6 Rf4 41. a4 Kf5 42. Re8 Rf3 43. a5 h3+ 44.
Kg1 Rd3 45. a6 Rd1+ 46. Kf2 Ra1 47. Ke3 Re1+ 48. Kd4 Ra1 49. b4 Rd1+ 50. Kc5 Ra1 51. b5 Kf4 52. b6 Rxa6 53. b7 Ra5+ 54. Kc4 1-0

[Event "***Titled Tuesday 3|2 Blitz"]
[Site "Chess.com"]
[Date "2017.02.07"]
[Round "3"]
[White "MFBerna"]
[Black "JeremDev"]
[Result "1-0"]
[WhiteElo "2255"]
[BlackElo "2106"]
[TimeControl "180+2"]
[EndTime "13:42:48 PST"]
[Termination "MFBerna won on time"]

1. e4 c5 2. Nf3 d6 3. d4 cxd4 4.
Nxd4 Nf6 5. Nc3 g6 6. Be2 Bg7 7.
O-O O-O 8. Be3 Nc6 9. Nb3 Be6 10. f4 Rc8 11. Bf3 a6 12. a4 Na5 13. e5 Ne8 14. exd6 Nxd6 15. Nc5 Bd7 16. Nd5 Nac4 17. Bf2 Nxb2 18.
Qe2 Bc6 19. Nxe7+ Kh8 20. Bxc6 Rxc6 21. Nxc6 bxc6 22. Qxa6 Nbc4 23. Rad1 Qe8 24. Rfe1 Qa8 25. Qxa8 Rxa8 26. Bd4 Nf5 27. Bxg7+ Kxg7 28. Rd7 h5 29. Ra1 Nce3 30. a5 Nxc2 31. Ra4 Nce3 32. a6 Rb8 33. Ra2 Rb1+ 34. Kf2 Ng4+ 35. Ke2 Rg1 36. Kd3 Rd1+ 37. Kc3 Rc1+ 38. Kb4 Nge3 39. a7 Rb1+ 40.
Ka4 Nc4 41. Rb7 1-0

[Event "***Titled Tuesday 3|2 Blitz"]
[Site "Chess.com"]
[Date "2017.02.07"]
[Round "3"]
[White "Dale"]
[Black "silverback96"]
[Result "1-0"]
[WhiteElo "1979"]
[BlackElo "2066"]
[TimeControl "180+2"]
[EndTime "13:42:53 PST"]
[Termination "Dale won on time"]

1. e4 g6 2. d4 Bg7 3. h4 d6 4. h5 a6 5. h6 Bf8 6. Nf3 b5 7. a4 Bb7 8. axb5 Bxe4 9. Nc3 Bb7 10. Bg5 Qd7 11. d5 Qg4 12. Rh4 Qc8 13. Qd4 f6 14. Re4 Nd7 15. bxa6 Bxa6 16. Bxa6 Rxa6 17. Rxa6 Qxa6 18. Re6 Qa1+ 19. Nd1 Ne5 20. Bf4 Bxh6 21. Bxe5 fxe5 22. Qc4 Qa5+ 23. b4 Qb6 24. Qh4 Bf4 25.
c3 Qb5 26. g3 Qxd5 27. Rxg6 Qe4+ 28. Ne3 Qxg6 29. gxf4 exf4 30. Qxf4 Nf6 31. Qc4 Qb1+ 32. Ke2 Qb2+ 33. Ke1 Qb1+ 34. Ke2 Ne4 35. Qc6+ Kf8 36. Nd4 Qb2+ 37. Kd3 Nxf2+ 38. Kc4 Qa2+ 39. Kb5 Nd3 40. Ne6+ Kf7 41. Ng5+ Kf8 42. Qf3+ 1-0

[Event "***Titled Tuesday 3|2 Blitz"]
[Site "Chess.com"]
[Date "2017.02.07"]
[Round "3"]
[White "LyonBeast"]
[Black "jncool68"]
[Result "1-0"]
[WhiteElo "2732"]
[BlackElo "2524"]
[TimeControl "180+2"]
[EndTime "13:42:54 PST"]
[Termination "LyonBeast won by resignation"]

1. Nf3 c5 2. e4 d6 3. d4 cxd4 4. Nxd4 Nf6 5. Nc3 a6 6. h3 e5 7. Nde2 b5 8. Nd5 Nxd5 9. Qxd5 Ra7 10. Be3 Be6 11. Qd2 Rb7 12. Nc3 Be7 13. Be2 O-O 14. O-O Nd7 15. Nd5 Nf6 16. Nxf6+ Bxf6 17. Rfd1 Rd7 18. Bf3 h6 19. a4 Bg5 20. axb5 axb5 21. Bxg5 Qxg5 22. Ra6 Rc8 23. c3 Qxd2 24. Rxd2 b4 25.
cxb4 Rb7 26. Raxd6 Rxb4 27. Rd8+ Rxd8 28. Rxd8+ Kh7 29.
Rd2 g6 30. Kf1 Kg7 31. Ke2 Bc4+ 32. Kd1 Bb3+ 33. Ke1 Bc4 34. Bd1 Be6 35. f3 f5 36.
exf5 gxf5 37. Rc2 e4 38. fxe4 fxe4 39. Ke2 Kf6 40. Ke3 Ke5 41. Rc5+ Bd5 42. b3 h5 43. Ra5 h4 44. Bc2 Kd6 45. Ra4 Rb8 46. Bxe4 Rxb3+ 47. Kf2 Rb2+ 48. Kg1 Bb3 49. Rb4 Kc5 50. Rb8 Kd4 51.
Bf3 Kc3 52. Rh8 Bc2 53. Rxh4 Kd2 54. Kf2 Rb8 55. Rf4 Bd3 56. h4 Rb1 57. h5 Rf1+ 58. Kg3 Rh1 59. Rh4 1-0

[Event "***Titled Tuesday 3|2 Blitz"]
[Site "Chess.com"]
[Date "2017.02.07"]
[Round "3"]
[White "Feegus"]
[Black "DrVelja"]
[Result "0-1"]
[WhiteElo "2358"]
[BlackElo "2520"]
[TimeControl "180+2"]
[EndTime "13:42:54 PST"]
[Termination "DrVelja won by checkmate"]

1. d4 Nf6 2. Bf4 g6 3. e3 Bg7 4. h3 O-O 5. Nf3 c5 6. c3 d6 7. Nbd2 Nc6 8. Be2 cxd4 9. exd4 e5 10. dxe5 dxe5 11. Nxe5 Nd5 12. Nxc6 bxc6 13. Bg3 Re8 14. O-O Bxc3 15. Nc4 Bxb2 16. Nxb2 Nc3 17. Qxd8 Nxe2+ 18. Kh2 Rxd8 19. Bh4 Rd4 20. Bf6 Rd6 21. Bh4 Ba6 22.
Rfd1 Rd5 23. Na4 Bb5 24. Rxd5 cxd5 25. Nc5 Rc8 26. Nb3 d4 27. Bf6 d3 28. a4 Bc4 29.
Nd4 Nxd4 30. Bxd4 Bb3 31. Be3 a6 32. a5 f5 33. Rc1 Re8 34. Bh6 Bc2 35. Ra1 Re2 36. Ra3 d2 37. Bxd2 Rxd2 38. Rc3 Rxf2 39. Kg3 Rd2 40. Rc8+ Kg7 41. Rc7+ Kh6 42. Ra7 Be4 43.
Kh4 g5+ 44. Kg3 Rxg2# 0-1

[Event "***Titled Tuesday 3|2 Blitz"]
[Site "Chess.com"]
[Date "2017.02.07"]
[Round "3"]
[White "Carolina-moon"]
[Black "Jahonas"]
[Result "0-1"]
[WhiteElo "2034"]
[BlackElo "2136"]
[TimeControl "180+2"]
[EndTime "13:43:00 PST"]
[Termination "Jahonas won on time"]

1. c4 Nf6 2. Nc3 g6 3. g3 Bg7 4.
Bg2 O-O 5. e4 e5 6. Nf3 Nc6 7.
O-O d6 8. d4 exd4 9. Nxd4 Bd7 10.
Re1 Re8 11. Nc2 h5 12. Bg5 Qc8 13. Qd2 Ne5 14. Bxf6 Bxf6 15. Nd5 Bg7 16. Nce3 c6 17.
Nf4 Bf8 18. b3 Ng4 19. Rad1 Nxe3 20. Rxe3 Bg4 21. f3 Be6 22. Rd3 Qc7 23. Nxe6 Rxe6 24. Bh3 Re5 25. Bg2 a5 26. f4 Ree8 27. a4 Qb6+ 28.
Kh1 Qc5 29. Rxd6 Bxd6 30. Qxd6 Qxd6 31. Rxd6 Rad8 32. c5 Rxd6 33. cxd6 Rd8 34. e5 Kg7 35. Bf1 Rb8 36. Bg2 Kf8 37. Kg1 Ke8 38. Kf2 Kd7 39. Bh3+ Kd8 40. Bg2 Kd7 41. Bh3+ f5 42. Bf1 b5 43.
Bd3 bxa4 44. bxa4 Rb4 45. Ke3 Rxa4 46. h3 Ra3 47. Kd4 a4 48. Bc4 Rxg3 49. Kc5 Re3 50. e6+ Rxe6 51. Bxe6+ Kxe6 52. Kxc6 a3 53. d7 a2 54.
d8=Q a1=Q 55. Qd5+ Kf6 56. Qd6+ Kf7 57. Qd5+ Kg7 0-1

[Event "***Titled Tuesday 3|2 Blitz"]
[Site "Chess.com"]
[Date "2017.02.07"]
[Round "3"]
[White "nihalsarin"]
[Black "MasterLeif"]
[Result "0-1"]
[WhiteElo "2493"]
[BlackElo "2362"]
[TimeControl "180+2"]
[EndTime "13:43:01 PST"]
[Termination "MasterLeif won by resignation"]

1. d4 d5 2. c4 e5 3. dxe5 d4 4. Nf3 Nc6 5. a3 Nge7 6. Nbd2 Ng6 7. Nb3 Ncxe5 8. Nxe5 Nxe5 9. Qxd4 Qxd4 10. Nxd4 Nxc4 11. e4 Nd6 12. e5 Nf5 13. Nb5 Kd8 14.
g4 c6 15. gxf5 cxb5 16. Bg5+ Kc7 17. Rc1+ Kb6 18. Bd8+ Ka6 19. a4 Bb4+ 20. Ke2 Rxd8 21. axb5+ Kb6 22. Bh3 g6 23. Rc4 Kxb5 24. Rf4 Re8 25.
e6 fxe6 26. f6 e5 27. Rh4 Bxh3 28. Rxh3 Rh8 29. Rc1 Rac8 30. Rxc8 Rxc8 31. Rxh7 Kb6 32. Rg7 Rc2+ 33. Kf3 Bc5 34. Rxg6 Rxf2+ 35. Kg3 Kb5 36. h4 Rf1 37. h5 e4 38. b4 e3 39. Rg5 e2 40. Rxc5+ Kxb4 41. Re5 e1=Q+ 42. Rxe1 Rxe1 43.
h6 Re8 44. Kf4 a5 45. Kg5 a4 46. f7 Rd8 47. Kf6 a3 48. Ke7 Rh8 49. f8=Q Rxf8 50. Kxf8 a2 51. h7 a1=Q 0-1

[Event "***Titled Tuesday 3|2 Blitz"]
[Site "Chess.com"]
[Date "2017.02.07"]
[Round "3"]
[White "IM_Michal_Luch"]
[Black "joppie2"]
[Result "1-0"]
[WhiteElo "2395"]
[BlackElo "2526"]
[TimeControl "180+2"]
[EndTime "13:43:04 PST"]
[Termination "IM_Michal_Luch won by resignation"]

1. d4 d5 2. c4 c6 3. Nf3 Nf6 4.
Qc2 Bg4 5. Ne5 Bh5 6. cxd5 cxd5 7. Qb3 Qc8 8. Nc3 e6 9. Bf4 Nc6 10. e3 Nd7 11. Nxd7 Qxd7 12. Bd3 Bg6 13. Be2 Bd6 14. Bxd6 Qxd6 15. Nb5 Qd7 16. Qa3 Qe7 17. Nd6+ Kf8 18.
Rc1 Rd8 19. Nxb7 Qxa3 20. bxa3 Rc8 21. Nd6 Rc7 22. Nb5 Rc8 23. Kd2 Ke7 24. Rc5 Kd7 25. Rhc1 f6 26. Bd1 a6 27. Nc3 Ne7 28. Na4 Kd6 29. Rxc8 Rxc8 30. Rxc8 Nxc8 31. Nc5 Nb6 32. Bb3 a5 33. Kc3 Be8 34. Nb7+ Kc7 35. Nxa5 Bb5 36.
g3 g5 37. Kb4 Bd3 38. Bd1 Nc8 39. Nb3 Bg6 40. Nc5 e5 41. a4 Ne7 42. Kc3 Nc6 43. Be2 Na5 44. Bb5 Bb1 45. Kb4 Nc4 46. Bxc4 dxc4 47.
Kxc4 Bxa2+ 48. Kb5 exd4 49. exd4 Kd6 50. a5 Kd5 51. a6 Kxd4 52. Kb6 Bd5 53. Nb7 1-0

[Event "***Titled Tuesday 3|2 Blitz"]
[Site "Chess.com"]
[Date "2017.02.07"]
[Round "3"]
[White "coalescenet"]
[Black "Aygehovit1992"]
[Result "0-1"]
[WhiteElo "2309"]
[BlackElo "2448"]
[TimeControl "180+2"]
[EndTime "13:43:04 PST"]
[Termination "Aygehovit1992 won by resignation"]

1. d4 Nf6 2. c4 e6 3. Nf3 d5 4.
Nc3 Bb4 5. Bg5 h6 6. Bxf6 Qxf6 7. e3 c6 8. Rc1 O-O 9. Be2 Re8 10. O-O Nd7 11. a3 Bd6 12. Qc2 a6 13. Rfd1 g5 14.
e4 Bf4 15. e5 Qg7 16. Rb1 g4 17. Ne1 h5 18. Nd3 Bh6 19. cxd5 exd5 20. f4 Nf8 21.
Rf1 Bf5 22. Nd1 Ne6 23. Qc3 Bxd3 24. Bxd3 Nxf4 25. Ne3 Nh3+ 26. gxh3 Bxe3+ 27. Kh1 c5 28. Bh7+ Kxh7 29. Qxe3 cxd4 30. Qxd4 Rxe5 31. hxg4 hxg4 32.
Qf4 f5 33. Rbc1 Rae8 34. Qg3 R8e7 35. Qh4+ Qh6 36. Qg3 Re2 37. Rc7 Rxh2+ 38. Kg1 Rh1+ 39. Kg2 Qh2+ 40. Qxh2+ Rxh2+ 41. Kxh2 Rxc7 42. Rxf5 Rc2+ 43. Kg3 Rxb2 44. Rxd5 Kg6 45. Kxg4 Kf6 46. Kf4 Ke6 47. Rd3 Re2 48. Kf3 Re5 49. Rb3 b5 50. Kf4 Kd6 51.
Rh3 Re6 52. Rb3 Kc5 53. Kf5 Re2 54. Kf4 Kc4 55. Rb4+ Kc3 56. Kf3 Ra2 0-1

[Event "***Titled Tuesday 3|2 Blitz"]
[Site "Chess.com"]
[Date "2017.02.07"]
[Round "3"]
[White "GMBenjaminBok"]
[Black "Alexander_Moskalenko"]
[Result "0-1"]
[WhiteElo "2622"]
[BlackElo "2699"]
[TimeControl "180+2"]
[EndTime "13:43:05 PST"]
[Termination "Alexander_Moskalenko won by resignation"]

1. e4 c6 2. d4 d5 3. e5 Bf5 4.
Nf3 e6 5. Be2 c5 6. Be3 cxd4 7.
Nxd4 Ne7 8. O-O Nbc6 9. Bb5 Bg6 10. Na3 a6 11. Ba4 Rc8 12. c4 Nf5 13. cxd5 Nxd4 14.
Qxd4 exd5 15. Bxc6+ bxc6 16. Qa4 Be7 17. Rac1 Qd7 18. Bc5 O-O 19. b4 Bxc5 20. Rxc5 Rfe8 21. h3 Bd3 22. Re1 f6 23. Qd1 Qf5 24. exf6 Qxf6 25.
Rxe8+ Rxe8 26. Qxd3 Re1+ 27. Kh2 Qxf2 28. Rc3 Qg1+ 29.
Kg3 Re6 30. Nc2 Rg6+ 31. Kf4 Qxg2 32. Ke5 Qf2 33. Qf3 Qh4 34. Qf5 Rg5 35. Qxg5 Qxg5+ 36. Kd4 Qf6+ 37. Kd3 Qf3+ 38. Kd4 Qf2+ 39. Ne3 Qd2+ 40.
Rd3 Qxb4+ 41. Ke5 Qe7+ 42. Kd4 Qe4+ 43. Kc3 a5 44. Nc2 h5 45. Kd2 c5 46. Re3 Qf4 47.
Kd3 c4+ 48. Ke2 d4 0-1

[Event "***Titled Tuesday 3|2 Blitz"]
[Site "Chess.com"]
[Date "2017.02.07"]
[Round "3"]
[White "abubakrtagelsir"]
[Black "johnathan113"]
[Result "0-1"]
[WhiteElo "2134"]
[BlackElo "2347"]
[TimeControl "180+2"]
[EndTime "13:43:06 PST"]
[Termination "johnathan113 won by resignation"]

1. e4 c5 2. Nc3 g6 3. f4 Bg7 4.
Nf3 Nc6 5. Bb5 Nd4 6. O-O Nxb5 7. Nxb5 d5 8. exd5 a6 9. Nc3 Nf6 10. d4 c4 11. Qe2 b5 12. a4 b4 13. Na2 a5 14.
Qxc4 O-O 15. Qb3 Nxd5 16. c4 bxc3 17. bxc3 Ba6 18. Re1 Rb8 19. Qc2 Qc7 20. Ne5 Rfc8 21. Bd2 Nb4 22. Qb3 Bxe5 23. Nxb4 axb4 24. fxe5 bxc3 25. Qc2 cxd2 26. Qxd2 Qc2 27. Qg5 Qc7 28. Rac1 Qd7 29. Rcd1 e6 30. d5 Qd8 31. Qf4 Rc4 32. Qg3 Qb6+ 33. Kh1 Rd4 34. dxe6 fxe6 35. Rc1 Rc8 36. Rb1 Qd8 37. Qb3 Bc4 38. Qg3 Bd5 39. Qh3 Rd2 40. Rg1 Rcc2 41. Rbf1 Rxg2 42. Rxg2 Bxg2+ 43. Qxg2 Rxg2 44. Kxg2 Qa8+ 45. Kg3 Qxa4 46. Re1 g5 47. h3 Qh4+ 0-1

[Event "***Titled Tuesday 3|2 Blitz"]
[Site "Chess.com"]
[Date "2017.02.07"]
[Round "3"]
[White "luisgui16"]
[Black "twitchTriniCupid"]
[Result "0-1"]
[WhiteElo "2064"]
[BlackElo "2116"]
[TimeControl "180+2"]
[EndTime "13:43:13 PST"]
[Termination "twitchTriniCupid won on time"]

1. e4 c6 2. d4 d5 3. Nc3 dxe4 4. Nxe4 Bf5 5. Ng3 Bg6 6. Nf3 Nd7 7. h4 h6 8. h5 Bh7 9. Bd3 Bxd3 10. Qxd3 Qc7 11. Bd2 e6 12. O-O-O O-O-O 13. Kb1 Ngf6 14.
c4 Bd6 15. Ne4 Bf4 16. Bc3 Kb8 17. g3 Nxe4 18. Qxe4 Bd6 19. Rhe1 Nf6 20. Qc2 Nxh5 21.
Ne5 Nf6 22. Qa4 Bxe5 23. dxe5 Rxd1+ 24. Rxd1 Ng4 25. Rd6 Rd8 26. c5 h5 27. Qd4 Kc8 28. Qa4 Qb8 29. Qf4 Qc7 30. Qa4 Qb8 31. Ba5 Rxd6 32.
exd6 Kd7 33. Bc7 Qa8 34. Qf4 Nf6 35. Qg5 Qg8 36. Qf4 Nd5 37. Qa4 Nxc7 38. dxc7 Kxc7 39.
Qxa7 Qh7+ 40. Ka1 Qd3 41. Qa5+ Kc8 42. Qa8+ Kc7 43. Qa5+ Kd7 44. a3 Qa6 45. Qd2+ Ke7 46. Qd6+ Kf6 47. Qd4+ Kg6 48. Qe4+ Kh6 0-1

[Event "***Titled Tuesday 3|2 Blitz"]
[Site "Chess.com"]
[Date "2017.02.07"]
[Round "3"]
[White "jcibarra"]
[Black "DanielNaroditsky"]
[Result "0-1"]
[WhiteElo "2620"]
[BlackElo "2729"]
[TimeControl "180+2"]
[EndTime "13:43:19 PST"]
[Termination "DanielNaroditsky won by checkmate"]

1. d4 Nf6 2. Bg5 Ne4 3. h4 d5 4.
Nd2 Nxg5 5. hxg5 c5 6. c3 Nc6 7. e3 e5 8. dxe5 Qxg5 9. Ngf3 Qd8 10. Bd3 g6 11. e4 Bg7 12. exd5 Qxd5 13. Bc4 Qd8 14.
Qe2 Qe7 15. O-O-O Bg4 16. e6 fxe6 17. Rde1 Ne5 18. Bb5+ Kf8 19. Qe4 Bf5 20. Qf4 Nf7 21. g4 e5 22. Qg3 Be6 23. Bc4 Rd8 24. g5 Bf5 25. Bxf7 Qxf7 26. b3 Qd5 27. Re3 e4 28. c4 Qc6 29. Nh4 Qd7 30. Nb1 Qd4 31. Re2 e3 32. Nxf5 Qe4 33. Nxg7 Qxh1+ 34. Kc2 Qe4+ 35. Kc1 Rd1+ 36. Kb2 Qxb1+ 37. Ka3 Qc1+ 38. Ka4 Qc3 39. Qb8+ Kxg7 40. Qxb7+ Kf8 41. Rxe3 Qb4+ 42. Qxb4 cxb4 43. Kxb4 Kf7 44. Ka5 Re8 45. Rf3+ Kg7 46. c5 Re5 47. Rc3 Rxg5 48. Ka6 Rd7 49. b4 Rg4 50. a3 h5 51. b5 Ra4# 0-1

[Event "***Titled Tuesday 3|2 Blitz"]
[Site "Chess.com"]
[Date "2017.02.07"]
[Round "3"]
[White "GGuseinov"]
[Black "E-Shaposhnikov"]
[Result "0-1"]
[WhiteElo "2558"]
[BlackElo "2747"]
[TimeControl "180+2"]
[EndTime "13:43:20 PST"]
[Termination "E-Shaposhnikov won by resignation"]

1. e4 c5 2. Nc3 e6 3. Nf3 a6 4. d4 cxd4 5. Nxd4 Qc7 6. Bd3 Nf6 7.
O-O Nc6 8. Nxc6 dxc6 9. f4 e5 10. Kh1 Bd6 11. f5 b5 12. a4 Bb7 13. Be3 Qe7 14.
Qf3 Bc5 15. Bxc5 Qxc5 16. axb5 axb5 17. Rxa8+ Bxa8 18. Nd1 O-O 19. Ne3 Qd4 20. Ng4 Nxg4 21. Qxg4 f6 22. b3 c5 23. Qe2 Kh8 24. Re1 Rd8 25. h3 b4 26. Qh5 c4 27. bxc4 b3 28.
Qe2 Qc3 29. Rb1 b2 30. Qe1 Qa3 31. Qg1 Rd4 32. Kh2 g6 33. fxg6 hxg6 34. c5 Kg7 35.
Qe1 Bc6 36. Qe2 Rb4 37. Qe1 Ra4 38. Qe2 Qa1 39. c4 Rb4 40. Qe1 Qa3 41. Qd2 Rb7 42. Bc2 Qxc5 43. Bd1 Qd4 44. Qxd4 exd4 45. Bc2 Kf7 46. h4 Ke6 47. g4 Ke5 48. h5 gxh5 49.
gxh5 Bxe4 50. Bxe4 Kxe4 51. Kh3 Kd3 52. c5 Kc2 53. Rxb2+ Kxb2 54. Kg4 Rc7 55. h6 Rxc5 0-1